 Dungeon Crawl Stone Soup version 0.21-a0-221-gfe971b9 (webtiles) character file.

165 tidbits the Skirmisher (level 5, 2/48 HPs)
             Began as a Draconian Wanderer on Aug 27, 2017.
             Quit the game on level 4 of the Dungeon.
             The game lasted 00:10:50 (1001 turns).

tidbits the Skirmisher (Draconian Wanderer)         Turns: 1001, Time: 00:10:51

Health: 2/48       AC:  8    Str: 19    XL:     5   Next: 21%
Magic:  5/5        EV: 12    Int:  9    God:
Gold:   106        SH:  0    Dex: 10    Spells: 4/4 levels left

rFire    . . .     SeeInvis .   a - +0 mace
rCold    . . .     Gourm    .   (no shield)
rNeg     . . .     Faith    .   (armour unavailable)
rPois    .         Spirit   .   (helmet restricted)
rElec    .         Reflect  .   (no cloak)
rCorr    .         Harm     .   G - +0 pair of gloves
MR       .....                  F - +1 pair of boots
Stlth    ..........             (no amulet)
HPRegen  0.16/turn              e - ring of loudness
MPRegen  0.09/turn              (no ring)

@: hasted, very quick
A: unfitting armour, cold-blooded, AC +5
a: no special abilities


You were on level 4 of the Dungeon.
You were not hungry.

You visited 1 branch of the dungeon, and saw 4 of its levels.

You collected 106 gold pieces.

Inventory:

Hand Weapons
 a - a +0 mace (weapon)
 k - a +0 club
Missiles
 c - 27 sling bullets
 m - 3 curare-tipped needles
Armour
 F - a +1 pair of boots (worn)
 G - a +0 pair of gloves (worn)
Jewellery
 e - a ring of loudness (left hand)
   (You found it on level 1 of the Dungeon)
Scrolls
 d - a scroll of fear
 g - a scroll of identify
 j - a scroll of blinking
 t - 2 scrolls of teleportation
Comestibles
 f - 3 bread rations
 l - a royal jelly


   Skills:
 + Level 5.2 Fighting
 + Level 2.5 Dodging
 - Level 1.0 Stealth
   Level 2.0 Shields
 - Level 1.0 Unarmed Combat
   Level 2.0 Translocations
   Level 1.0 Fire Magic


You had 4 spell levels left.
You didn't know any spells.

Dungeon Overview and Level Annotations

Branches:
Dungeon (4/15)
 Temple: D:4-7

Altars:

Shops:
D:4 (


Innate Abilities, Weirdness & Mutations

Your plain brown scales are hard. (AC +5)
You cannot fit into any form of body armour.
You are cold-blooded and may be slowed by cold attacks.


Message History

The ogre is severely wounded.
The ogre hits you with a giant spiked club!
* * * LOW HITPOINT WARNING * * *
You smack the ogre!
You kill the ogre!
Your Fighting skill increases to level 5!
Your Dodging skill increases to level 2!
You have reached level 5!
Eat a chunk of flesh? (ye/n/q)
You eat the chunk of flesh.
This raw flesh tastes terrible.
Wield which item (- for none, * to show all)? (? for menu, Esc to quit)
g - a scroll of identify (in branch)
You swing at nothing.
You swing at nothing.
You swing at nothing.
You swing at nothing.
You swing at nothing.
You swing at nothing.
You swing at nothing.
You swing at nothing.
You swing at nothing.
You swing at nothing.
You swing at nothing.
You swing at nothing.
You swing at nothing.
Your transformation is almost over.
You swing at nothing.
You swing at nothing.
You swing at nothing.
You swing at nothing.
You swing at nothing.
You feel less wooden.
Your +0 pair of gloves unmelds from your body.
Your +1 pair of boots unmelds from your body.
Wield which item (- for none, * to show all)? (? for menu, Esc to quit)
a - a +0 mace (weapon)
Things that are here:
a giant spiked club; an ogre corpse A jackal comes into view.
The jackal barks!
The jackal moves out of view.
Found a stone staircase leading up.
A jackal comes into view.
You sock the jackal!
You kill the jackal!
A jackal comes into view.
The jackal barks! x2
You see here a jackal corpse.
You completely miss the jackal. The jackal barely misses you. x2
An orc warrior comes into view. It is wielding a battleaxe.
You hit the jackal.
The jackal is heavily wounded.
The jackal closely misses you.
The jackal bites you but does no damage.
An orc comes into view. It is wielding a dagger of venom.
The orc shouts!
The jackal bites you but does no damage.
You feel yourself speed up.
The jackal bites you but does no damage.
Okay, then.
You sock the jackal!
You kill the jackal!
The jackal completely misses you.
You hit the jackal.
You kill the jackal!
You aren't carrying any potions.
Unknown command.
You hit the orc warrior but do no damage.
The orc warrior closely misses you.
You hit the orc warrior but do no damage.
The orc warrior closely misses you.
You closely miss the orc warrior. You completely miss the orc warrior.
The orc warrior misses you.
You hit the orc warrior but do no damage.
The orc warrior closely misses you.
You hit the orc warrior but do no damage.
The orc warrior barely misses you.
You barely miss the orc warrior.
An orc comes into view. It is wielding a dagger.
You barely miss the orc warrior.
The orc shouts!
You tail-slap the orc warrior, but do no damage.
The orc warrior completely misses you.
You hit the orc warrior but do no damage.
The orc warrior barely misses you.
You hit the orc warrior but do no damage.
The orc warrior completely misses you.
You hit the orc warrior but do no damage.
You hit the orc warrior but do no damage.
The orc warrior barely misses you.
You closely miss the orc warrior. The orc warrior completely misses you.
You closely miss the orc warrior.
The orc warrior hits you with a battleaxe!
* * * LOW HITPOINT WARNING * * *
You barely miss the orc warrior.
You hit the orc warrior but do no damage.
The orc warrior hits you with a battleaxe!
* * * LOW HITPOINT WARNING * * *
You aren't carrying any potions.
Are you sure you want to abandon this character and quit the game? (Confirm with "yes".)

#..##........#
#..........##
#........)##
##........#
#.......##
####.....## ##
##oo†o.o..####...
##o#######........
#@## ##....... ###
#....... #.......
#....... ...#....
hh.###.. .... ##
h##..


You could see an orc warrior and 2 orcs.

Vanquished Creatures
  An ogre (D:4)
  Natasha (D:3)
  3 worms (D:2)
  A dart slug (D:2)
  2 orcs (D:3)
  8 bats
  4 giant cockroaches
  3 goblins
  4 hobgoblins
  7 jackals
  3 kobolds
  A ball python (D:3)
  3 frilled lizards
41 creatures vanquished.

Notes
Turn   | Place    | Note
-------+----------+-------------------------------------------
     0 | D:1      | tidbits the Draconian Wanderer began the quest for the Orb.
     0 | D:1      | tidbits set off with: a scroll of fear, a potion of haste, a scroll of teleportation, a +0 club, a bread ration
     0 | D:1      | Reached XP level 1. HP: 17/17 MP: 1/1
   114 | D:1      | Reached skill level 3 in Fighting
   128 | D:1      | Reached XP level 2. HP: 20/26 MP: 2/2
   378 | D:2      | Reached XP level 3. HP: 31/33 MP: 3/3
   404 | D:1      | Reached skill level 4 in Fighting
   434 | D:2      | Found a faded altar of an unknown god.
   771 | D:3      | Noticed Natasha
   782 | D:3      | HP: 3/34 [Natasha/magic dart (7)]
   784 | D:3      | HP: 1/51 [Natasha (3)]
   785 | D:3      | Killed Natasha
   785 | D:3      | Reached XP level 4. HP: 2/41 MP: 4/4
   888 | D:4      | Found Fewe's Antique Weapon Shop.
   920 | D:4      | Noticed an ogre
   929 | D:4      | Killed an ogre
   929 | D:4      | Reached skill level 5 in Fighting
   929 | D:4      | Reached skill level 2 in Dodging
   929 | D:4      | Reached XP level 5. HP: 19/48 MP: 5/5
   977 | D:4      | Noticed an orc warrior
  1000 | D:4      | HP: 2/48 [orc warrior/battleaxe (7)]
  1001 | D:4      | Quit the game

Vault maps used:
D:1:      co_arrival_square_in_a_square_in_a_square
D:2:      chequers_ecumenical_altar_simple_redux
D:3:      lemuel_doored_altar, grunt_temple_overflow_open,
          gammafunk_temple_overflow_forgotten, first_bread,
          nemelex_lonely_heart_becter, uniq_natasha
D:4:      corexii_shantytown, minmay_temple_entry_trees, serial_shops,
          nicolae_shop_waterfront, uniq_edmund

Skill      XL: |  1  2  3  4 |
---------------+-------------+-----
Fighting       | 3 4 5 |  5.2
Dodging        | 2 |  2.5
Stealth        | |  1.0
Shields        | |  2.0
Unarmed Combat | |  1.0
Translocations | |  2.0
Fire Magic     | |  1.0

Action                   |  1- 3 |  4- 6 || total
-------------------------+-------+-------++-------
Melee: Club              |    84 |       ||    84
       Tailslap          |    17 |     1 ||    18
       Mace              |    49 |    22 ||    71
       Unarmed           |       |     3 ||     3
  Use: Scroll            |     2 |     4 ||     6
       Potion            |     2 |     2 ||     4
  Eat: Chunk             |       |     1 ||     1
Armor: Skin              |    61 |     3 ||    64
Dodge: Dodged            |    88 |    14 ||   102

Table legend:
 A = Spawn XP
 B = Non-spawn XP
 C = Spawn XP percentage of total XP
 D = Spawn monster count
 E = Non-spawn monster count
 F = Spawn count percentage of total count
 G = Total turns spent on level
                    A         B        C        D         E        F      G
               +---------+---------+-------+---------+---------+-------+---------
         Total |       5 |     231 |   2.1 |       4 |      37 |   9.8 |  1001
               +---------+---------+-------+---------+---------+-------+---------
           D:1 |       1 |      25 |   3.8 |       1 |      14 |   6.7 |   318
           D:2 |       4 |      34 |  10.5 |       3 |      12 |  20.0 |   377
           D:3 |       0 |      46 |   0.0 |       0 |       6 |   0.0 |    99
           D:4 |       0 |     126 |   0.0 |       0 |       5 |   0.0 |   207
               +---------+---------+-------+---------+---------+-------+---------

Table legend:
 A = Turns spent in this place as a percentage of turns spent in the entire game.
 B = Non-inter-level travel turns spent in this place as a percentage of non-inter-level travel turns spent in the entire game.
 C = Inter-level travel turns spent in this place as a percentage of turns spent in this place.
 D = Turns resting spent in this place as a percentage of non-inter-level travel turns spent in this place.
 E = Turns spent auto-exploring this place as a percentage of non-inter-level travel turns spent in this place.
 F = Non-inter-level travel turns spent in this place divided by the number of levels of this place that you've seen.
                   A       B       C       D       E      F
               +-------+-------+-------+-------+-------+----------------------
         Total | 100.0 | 100.0 |   3.2 |   0.0 |   0.0 | 242.2
       Dungeon | 100.0 | 100.0 |   3.2 |   0.0 |   0.0 | 242.2
               +-------+-------+-------+-------+-------+----------------------

Table legend:
 A = Kills in this place as a percentage of kills in entire the game.
 B = Kills by you in this place as a percentage of kills by you in the entire game.
 C = Kills by friends in this place as a percentage of kills by friends in the entire game.
 D = Other kills in this place as a percentage of other kills in the entire game.
 E = Experience gained in this place as a percentage of experience gained in the entire game.
 F = Experience gained in this place divided by the number of levels of this place that you have seen.
                   A       B       C       D       E      F
               +-------+-------+-------+-------+-------+----------------------
         Total | 100.0 | 100.0 |   N/A |   N/A | 100.0 |  59.0
       Dungeon | 100.0 | 100.0 |   N/A |   N/A | 100.0 |  59.0
               +-------+-------+-------+-------+-------+----------------------

Vault maps used:
D:1:      co_arrival_square_in_a_square_in_a_square
D:2:      chequers_ecumenical_altar_simple_redux
D:3:      lemuel_doored_altar, grunt_temple_overflow_open,
          gammafunk_temple_overflow_forgotten, first_bread,
          nemelex_lonely_heart_becter, uniq_natasha
D:4:      corexii_shantytown, minmay_temple_entry_trees, serial_shops,
          nicolae_shop_waterfront, uniq_edmund
